 Dungeon Crawl Stone Soup version 0.29-a0-9-g022ca4c890 (webtiles) character file.

Game seed: 8230851588524482809

625 Grim the Spear-Bearer (level 7, 0/50 HPs)
             Began as a Merfolk Gladiator on Jan 28, 2022.
             Succumbed to an orc warrior's poison
             ... on level 5 of the Dungeon.
             The game lasted 00:05:52 (5650 turns).

Grim the Spear-Bearer (Merfolk Gladiator)           Turns: 5650, Time: 00:05:53

Health: 0/50       AC:  9    Str: 14    XL:     7   Next: 47%
Magic:  7/7        EV:  8    Int: 10    God:
Gold:   241        SH:  0    Dex: 15    Spells: 6/6 levels left

rFire   . . .      SeeInvis .   a - +0 trident
rCold   . . .      Faith    .   (no shield)
rNeg    . . .      Spirit   .   e - +0 chain mail
rPois   .          Reflect  .   c - +0 helmet
rElec   .          Harm     .   (no cloak)
rCorr   .          Rampage  .   (no gloves)
Will    .....                   (no boots)
Stlth   ..........              (no amulet)
HPRegen 0.16/turn               (no ring)
MPRegen 0.10/turn               (no ring)

@: mighty, brilliant, lethally poisoned (0 -> -10)
A: (nimble swimmer 2), mertail
a: no special abilities


You were on level 5 of the Dungeon.
You visited 1 branch of the dungeon, and saw 5 of its levels.

You collected 241 gold pieces.

Inventory:

Hand Weapons
 a - a +0 trident (weapon)
Missiles
 d - 2 throwing nets (quivered)
 k - 20 poisoned darts
 s - 2 atropa-tipped darts
Armour
 b - a +0 leather armour
 c - a +0 helmet (worn)
 e - a +0 chain mail (worn)
Jewellery
 m - a ring of flight
 p - an amulet of magic regeneration
Wands
 t - a wand of polymorph (7)
Scrolls
 f - 4 scrolls of identify {unknown}
 g - 2 scrolls of fog {unknown}
 j - a scroll of teleportation {unknown}
 l - 2 scrolls of enchant armour {unknown}
 v - a scroll of summoning {unknown}
Potions
 h - 2 potions of might
 n - a potion of berserk rage {unknown}
 o - a potion of flight {unknown}
 q - a potion of curing {unknown}
 r - a potion of resistance {unknown}
 u - a potion of heal wounds {unknown}
 w - a potion of lignification {unknown}


   Skills:
 - Level 2.1 Fighting
 * Level 10.2 Polearms
 - Level 2.0 Throwing
 + Level 7.1 Dodging


You had 6 spell levels left.
You didn't know any spells.
Your spell library contained the following spells:

 Spells                   Type           Power      Damage    Failure   Level
 Inner Flame              Hex/Fire       0%         N/A       100%        3
 Cause Fear               Hex            0%         N/A       100%        4
 Discord                  Hex            0%         N/A       100%        8


Dungeon Overview and Level Annotations

Branches:
Dungeon (5/15)
 Temple: D:4-7

Altars:
Okawaru


Innate Abilities, Weirdness & Mutations

((You are very nimble when in or above water. (Stealth+, EV+, Speed+++)))
Your lower body shifts to a powerful aquatic tail in water.


Message History

There is an open door here.
Things that are here:
a +0 robe; a +0 dagger
Found an iron altar of Okawaru.
An orc priest comes into view. It is wielding a +0 flail.
The orc priest mumbles some strange prayers to Beogh against you.
Beogh smites you!
An orc warrior comes into view.
It is wielding a +0 halberd and quivering poisoned darts.
The orc warrior shouts!
The orc warrior hits you from afar with a +0 halberd!!
* * * LOW HITPOINT WARNING * * *
You are too injured to fight recklessly!
You are too injured to fight recklessly!
Unknown command.
You are too injured to fight recklessly!
You are too injured to fight recklessly!
The orc warrior throws a poisoned dart.
The poisoned dart hits you!
You are poisoned.
You feel sick.
The orc warrior throws a poisoned dart.
The poisoned dart hits you!
You are lethally poisoned!
* * * LOW HITPOINT WARNING * * *
You feel very sick.
The orc warrior throws a poisoned dart.
The poisoned dart barely misses you.
* * * LOW HITPOINT WARNING * * *
You feel very sick.
An orc comes into view. It is wielding a +0 flail.
* * * LOW HITPOINT WARNING * * *
You feel sick.
The orc shouts!
The orc warrior throws a poisoned dart.
The poisoned dart hits you.
You are more poisoned.
It was a potion of might.
You feel very mighty all of a sudden.
* * * LOW HITPOINT WARNING * * *
You feel very sick.
The orc warrior throws a poisoned dart.
The poisoned dart barely misses you.
It was a potion of brilliance.
You feel clever all of a sudden.
You die...

######.#.≈.....≈
#......#.≈.≈≈≈.≈ .
#......#.≈≈...≈≈ ..
#......#.≈≈._.≈≈ ...
#......#.≈≈...≈≈ ...
#......#.≈.≈≈≈.≈ ..
#......#.≈.....≈
#####'##......#..≈≈≈≈≈.
......o.o...@..########
......o.............#
....................#
....................#
....................#
...................[######
######################'#.>...#
................ #...+.....#
................ #...#.....#


You could see an orc warrior, an orc priest and an orc.

Vanquished Creatures
  A black bear (D:4)
  An ice beast (D:4)
  A kobold brigand (D:5)
  An orc priest (D:5)
  3 hounds
  An iguana (D:5)
  2 orc wizards
  4 gnolls
  5 adders
  A shadow imp (D:5)
  4 worms
  A dart slug (D:3)
  6 orcs
  6 ball pythons
  5 bats
  6 endoplasms
  2 giant cockroaches
  6 goblins
  5 hobgoblins
  3 jackals (D:3)
  13 kobolds
  3 quokkas (D:1)
  2 frilled lizards
  3 rats
85 creatures vanquished.

Notes
Turn   | Place    | Note
-------+----------+-------------------------------------------
     0 | D:1      | Grim the Merfolk Gladiator began the quest for the Orb.
     0 | D:1      | Reached XP level 1. HP: 16/16 MP: 1/1
   143 | D:1      | Reached XP level 2. HP: 22/22 MP: 2/2
   150 | D:1      | Found a faded altar of an unknown god.
   153 | D:1      | Reached skill level 5 in Polearms
   788 | D:1      | Reached XP level 3. HP: 26/27 MP: 3/3
  1005 | D:2      | Reached skill level 6 in Polearms
  1637 | D:3      | Reached XP level 4. HP: 32/33 MP: 4/4
  1828 | D:3      | Reached skill level 5 in Dodging
  2580 | D:3      | Reached skill level 7 in Polearms
  2580 | D:3      | Reached XP level 5. HP: 19/38 MP: 5/5
  2930 | D:4      | Noticed a black bear
  2958 | D:4      | Killed a black bear
  2959 | D:4      | Reached skill level 8 in Polearms
  3349 | D:4      | Reached XP level 6. HP: 38/44 MP: 6/6
  3737 | D:5      | Entered Level 5 of the Dungeon
  3994 | D:5      | Noticed an ice beast
  4044 | D:4      | Killed an ice beast
  4129 | D:4      | Reached skill level 9 in Polearms
  4504 | D:5      | Reached XP level 7. HP: 16/50 MP: 7/7
  5220 | D:5      | Reached skill level 10 in Polearms
  5622 | D:5      | Found an iron altar of Okawaru.
  5649 | D:5      | HP: 2/50 [poisoned by an orc warrior]
  5650 | D:5      | Succumbed to an orc warrior's poison

Illustrated notes

Levels and vault maps discovered:
D:1:      lightli_arrival_windingriver, layout_rooms,
          nicolae_ecumenical_snake_handling
D:2:      layout_loops_ring
D:3:      layout_loops_cross, grunt_ministairs_5, kennysheep_boxes
D:4:      layout_gridville
D:5:      layout_gridville, mainiacjoe_overflow_paths

Skill      XL: |  1  2  3  4  5  6  7 |
---------------+----------------------+-----
Polearms       | 5 6 7 8 9 10 | 10.2
Dodging        | 5 6 7 |  7.1
Fighting       | |  2.1
Throwing       | |  2.0

Action                   |  1- 3 |  4- 6 |  7- 9 || total
-------------------------+-------+-------+-------++-------
Melee: Trident           |   101 |   193 |    66 ||   360
       Punch             |     3 |     4 |       ||     7
Throw: Throwing net      |       |     2 |     1 ||     3
       Dart              |       |     1 |       ||     1
  Use: Potion            |       |       |     2 ||     2
 Stab: Held in net/web   |       |     3 |       ||     3
Armor: Chain mail        |    44 |    75 |    18 ||   137
Dodge: Dodged            |    33 |    51 |    26 ||   110

Table legend: (Time is in decaauts)
 A = Elapsed time spent in this place.
 B = Non-inter-level travel time spent in this place.
 C = Inter-level travel time spent in this place.
 D = Time resting spent in this place.
 E = Time spent auto-exploring this place.
 F = Levels seen in this place.
 G = Mean time per level.
                   A        B        C        D        E       F      G
               +--------+--------+--------+--------+--------+-----+--------+
         Total |   5626 |   5577 |     49 |   1507 |   3304 |   5 | 1125.2 |
       Dungeon |   5626 |   5577 |     49 |   1507 |   3304 |   5 | 1125.2 |
               +--------+--------+--------+--------+--------+-----+--------+

Top non-repeatable levels by time:
     D:4: 1526 daAuts
     D:5: 1261 daAuts
     D:3: 1223 daAuts
     D:1: 946 daAuts
     D:2: 669 daAuts
